 Dungeon Crawl Stone Soup version 0.31-a0-175-g9f7f995f2b (webtiles) character file.

Game seed: 13521938461903508507

444 qw the Chopper (level 7, 0/43 HPs)
             Began as a Gargoyle Fighter on June 17, 2023.
             Slain by a gnoll bouda
             ... wielding a +0 whip
              (10 damage)
             ... on level 5 of the Dungeon.
             The game lasted 00:01:13 (1964 turns).

qw the Chopper (Gargoyle Fighter)                   Turns: 1964, Time: 00:01:13

Health: 0/43       AC: 11    Str: 21    XL:     7   Next: 3%
Magic:  7/7        EV: 10    Int:  9    God:
Gold:   183        SH:  4    Dex:  9    Spells: 6/6 levels left

rFire   . . .        Y - +0 war axe
rCold   . . .        c - +0 buckler
rNeg    + . .        b - +0 scale mail
rPois   inf          (no helmet)
rElec   +            (no cloak)
rCorr   .            (no gloves)
SInv    .            (no boots)
Will    .....        (no amulet) Stlth
                     (no ring)
HPRegen 0.27/turn    (no ring)
MPRegen 0.10/turn

%: no passive effects
@: about to teleport
A: sickness immunity, AC +4, negative energy resistance 1, electricity
resistance, torment resistance 1, petrification resistance
a: no special abilities


You were on level 5 of the Dungeon.
You visited 1 branch of the dungeon, and saw 4 of its levels.

You collected 183 gold pieces.


Innate Abilities, Weirdness & Mutations

You are immune to sickness and miasma.
Your stone body is resilient. (AC +4)
You are immune to poison.
You resist negative energy. (rN+)
You are resistant to electric shocks. (rElec)
You are resistant to unholy torment.
You are immune to petrification.


   Skills:
 - Level 4.2 Fighting
 + Level 5.2 Axes
 - Level 3.2 Armour
 - Level 2.9 Dodging
 - Level 3.2 Shields


You had 6 spell levels left.
You didn't know any spells.
Your spell library was empty.

Inventory:

Hand Weapons
 i - a +0 mace
 Y - a +0 war axe (weapon)
Armour
 b - a +0 scale mail (worn)
 c - a +0 buckler (worn)
Scrolls
 a - a scroll of acquirement {unknown}
 h - a scroll of teleportation
Potions
 d - a potion of might
 f - a potion of heal wounds {unknown}
 g - 3 potions of attraction {unknown}

Dungeon Overview and Level Annotations

Branches:
Dungeon (3/15)

Altars:


Message History

The gnoll bouda hits you but does no damage.
A sleepcap comes into view.
An orc comes into view. It is wielding a +1 mace of holy wrath.
The orc hits you but does no damage.
The gnoll bouda utters an invocation to its god.
The gnoll bouda is healed somewhat.
The orc closely misses you.
The orc shouts!
You hit the gnoll bouda but do no damage.
The gnoll bouda is severely wounded.
You hit the orc.
You kill the orc!
An orc wizard comes into view. It is wielding a +0 dagger.
The gnoll bouda hits you with a +0 whip.
You hit the gnoll bouda.
The gnoll bouda is almost dead.
The gnoll bouda utters an invocation to its god.
The gnoll bouda is healed somewhat.
You closely miss the gnoll bouda.
The gnoll bouda is heavily wounded.
You hit the orc.
The gnoll bouda hits you with a +0 whip.
The orc barely misses you.
You hit the gnoll bouda.
The gnoll bouda is almost dead.
You closely miss the orc.
The gnoll bouda hits you but does no damage.
The orc misses you. The orc wizard casts a spell at you.
You resist with some effort. The orc barely misses you.
The gnoll bouda hits you with a +0 whip.
1964 ||| READING 2 scrolls of teleportation.
As you read the scroll of teleportation, it crumbles to dust.
You feel strangely unstable.
Your attacks no longer feel as feeble.
The orc hits you but does no damage.
The orc wizard casts a spell.
The orc wizard flickers and vanishes!
Deactivating autopickup; reactivate with Ctrl-A.
The gnoll bouda hits you with a +0 whip!
You die...

.........###.#
##.#..........###
..#.###.###....##
#..#..%..#.#...#
#..#.%8%.#.#.#.#
#.{f.888...#.#.#
o.....#..8..#...#..
......#.oo..#........#
###.# ###@#####.###..#
?.. #.)g..# .}.. ..#
#. #.....# .... .
........}.}.}.
..#....$#.....#.
...$#.....#..}..#.#
#.# ###.### #.# .. .#.
..


You could see a sleepcap, a gnoll bouda, an orc wizard and an orc.

Vanquished Creatures
  A hornet (D:5)
  A scorpion (D:5)
  An orc priest (D:3)
  An iguana (D:5)
  Terence (D:3)
  3 adders
  2 worms (D:2)
  2 dart slugs
  5 orcs
  6 bats
  2 endoplasms
  4 giant cockroaches
  11 goblins
  13 hobgoblins
  2 quokkas
  4 ball pythons
  2 frilled lizards (D:2)
  2 kobolds (D:2)
  4 rats
67 creatures vanquished.

Notes
Turn   | Place    | Note
-------+----------+-------------------------------------------
     0 | D:1      | qw the Gargoyle Fighter began the quest for the Orb.
     0 | D:1      | Reached XP level 1. HP: 14/14 MP: 1/1
     0 | D:1      | 0 ||| qw: Version: 0.3-a-2-g5ab2908
     0 | D:1      | 0 ||| qw: Game counter: 217
     0 | D:1      | 0 ||| qw: Always use a shield: true
     0 | D:1      | 0 ||| qw: God list: Okawaru
     0 | D:1      | 0 ||| qw: Allow faded altars: false
     0 | D:1      | 0 ||| qw: Do Orc after D:15 true
     0 | D:1      | 0 ||| qw: Do second Lair branch before Depths: true
     0 | D:1      | 0 ||| qw: Lair rune preference: random
     0 | D:1      | 0 ||| qw: Plans: Normal, Zot:1-4, Slime:5, God:TSO, Crypt,
                  | Tomb, Abyss, Pan, Hells, Win
     0 | D:1      | 0 ||| PLANNING D:1-11
    48 | D:1      | Reached skill level 2 in Axes
   170 | D:1      | Reached XP level 2. HP: 19/19 MP: 2/2
   362 | D:1      | 362 ||| Stepping ~*~*~tactically~*~*~ (stealth).
   440 | D:1      | 440 ||| Stepping ~*~*~tactically~*~*~ (stealth).
   441 | D:1      | 441 ||| Stepping ~*~*~tactically~*~*~ (stealth).
   442 | D:1      | 442 ||| Stepping ~*~*~tactically~*~*~ (stealth).
   709 | D:1      | 709 ||| READING scroll labelled JISEEF MEUDY.
   746 | D:2      | 746 ||| DROPPING +0 club.
   763 | D:2      | Reached skill level 3 in Axes
   763 | D:2      | Reached XP level 3. HP: 7/23 MP: 3/3
  1057 | D:2      | 1057 ||| Stepping ~*~*~tactically~*~*~ (hiding).
  1058 | D:2      | 1058 ||| Stepping ~*~*~tactically~*~*~ (hiding).
  1059 | D:2      | 1059 ||| Stepping ~*~*~tactically~*~*~ (hiding).
  1072 | D:2      | 1072 ||| Stepping ~*~*~tactically~*~*~ (stealth).
  1074 | D:2      | 1074 ||| Stepping ~*~*~tactically~*~*~ (stealth).
  1142 | D:2      | 1142 ||| Stepping ~*~*~tactically~*~*~ (stealth).
  1223 | D:2      | 1223 ||| DROPPING +0 whip.
  1286 | D:2      | 1286 ||| Stepping ~*~*~tactically~*~*~ (stealth).
  1301 | D:2      | Reached XP level 4. HP: 25/28 MP: 4/4
  1377 | D:2      | Reached skill level 4 in Axes
  1550 | D:2      | 1550 ||| READING scroll labelled HECICLEAQA.
  1551 | D:2      | 1551 ||| READING 3 scrolls labelled BESIOK XIEMAUZ.
  1573 | D:3      | 1573 ||| Stepping ~*~*~tactically~*~*~ (hiding).
  1603 | D:3      | Noticed Terence
  1614 | D:3      | Killed Terence
  1615 | D:3      | Reached XP level 5. HP: 31/32 MP: 5/5
  1735 | D:3      | 1735 ||| Stepping ~*~*~tactically~*~*~ (hiding).
  1774 | D:3      | Identified the +5 dagger "Enuumuha" {antimagic, Fly}
  1776 | D:3      | You fall into a shaft and drop 2 floors!
  1776 | D:5      | Entered Level 5 of the Dungeon
  1812 | D:5      | Reached skill level 5 in Axes
  1870 | D:5      | Noticed a hornet
  1882 | D:5      | Killed a hornet
  1883 | D:5      | Reached XP level 6. HP: 22/38 MP: 6/6
  1942 | D:5      | 1942 ||| Stepping ~*~*~tactically~*~*~ (stealth).
  1943 | D:5      | 1943 ||| Stepping ~*~*~tactically~*~*~ (stealth).
  1955 | D:5      | Reached XP level 7. HP: 16/43 MP: 7/7
  1963 | D:5      | HP: 10/43 [gnoll bouda/+0 whip (4)]
  1964 | D:5      | 1964 ||| READING 2 scrolls of teleportation.
  1964 | D:5      | Slain by a gnoll bouda

Levels and vault maps discovered:
D:1:      denvon_arrival_waterhouse, layout_loops_ring
D:2:      cheibrodos_greedy_goblins, layout_basic
D:3:      layout_basic, trog_hazing_becter, uniq_terence, uniq_grinder
D:5:      layout_rooms, minmay_chambers_of_fives

Skill      XL: |  1  2  3  4  5 |
---------------+----------------+-----
Axes           | 2 3 4 5 |  5.2
Fighting       | 4 |  4.2
Dodging        | 2 |  2.9
Armour         | |  3.2
Shields        | |  3.2

Action                     |  1- 3 |  4- 6 |  7- 9 || total
---------------------------+-------+-------+-------++-------
  Melee: War axe           |   129 |    81 |     9 ||   219
    Use: Scroll            |     1 |     2 |     1 ||     4
 Armour: Scale mail        |    50 |    39 |     5 ||    94
  Dodge: Dodged            |    60 |    44 |     6 ||   110
  Block: Buckler           |    16 |    16 |     2 ||    34

Table legend:
 A = Non-vault XP
 B = Vault XP
 C = Vault XP percentage of total XP
 D = Non-vault monster count
 E = Vault monster count
 F = Vault count percentage of total count
                 A         B        C        D         E       F
            +---------+---------+-------+---------+---------+-------
      Total |     250 |     385 |  60.6 |      51 |      16 |  23.9
            +---------+---------+-------+---------+---------+-------
        D:1 |      27 |       0 |   0.0 |      16 |       0 |   0.0
        D:2 |      60 |      22 |  26.8 |      25 |      11 |  30.6
        D:3 |      57 |      36 |  38.7 |       6 |       1 |  14.3
        D:5 |     106 |     327 |  75.5 |       4 |       4 |  50.0
            +---------+---------+-------+---------+---------+-------
